 Dungeon Crawl Stone Soup version 0.30-a0-715-gdb4ae3ece1 (webtiles) character file.

Game seed: 5861709442772022173

28 Shayle the Conjurer (level 3, 22/28 HPs)
             Began as a Demonspawn Reaver on Jan 24, 2023.
             Quit the game on level 2 of the Dungeon.
             The game lasted 00:01:55 (896 turns).

Shayle the Conjurer (Demonspawn Reaver)              Turns: 896, Time: 00:01:56

Health: 22/28      AC:  3    Str: 12    XL:     3   Next: 0%
Magic:  6/6        EV: 11    Int: 16    God:
Gold:   53         SH:  4    Dex: 11    Spells: 3/6 levels left

rFire   . . .      SeeInvis .    a - +0 spear
rCold   . . .      Faith    .    (no shield)
rNeg    . . .      Spirit   .    b - +0 leather armour
rPois   .          Reflect  .    (no helmet)
rElec   .          Harm     .    (no cloak)
rCorr   .          Rampage  .    (no gloves)
Will    .....                    (no boots)
Stlth   +                        (no amulet)
HPRegen 0.24/turn                (no ring)
MPRegen 0.10/turn                (no ring)

@: no status effects
A: hooves 1, condensation shield
a: no special abilities


You were on level 2 of the Dungeon.
You visited 1 branch of the dungeon, and saw 2 of its levels.

You collected 53 gold pieces.

Inventory:

Hand Weapons
 a - a +0 spear (weapon)
Armour
 b - a +0 leather armour (worn)
 i - a +0 kite shield
Scrolls
 c - a scroll of butterflies {unknown}
 d - a scroll of amnesia {unknown}
 f - a scroll of poison {unknown}
 h - a scroll of identify {unknown}
 j - a scroll of blinking {unknown}
Potions
 e - 2 potions of flight {unknown}
 g - 2 potions of brilliance {unknown}
 k - a potion of lignification {unknown}


   Skills:
 + Level 2.4 Fighting
 + Level 2.9 Polearms
 + Level 2.0 Dodging
 + Level 0.9 Stealth
 + Level 2.0 Spellcasting
 - Level 3.0 Conjurations
 + Level 0.8 Hexes
 + Level 0.3 Summonings


You had 3 spell levels left.
You knew the following spells:

 Your Spells              Type           Power      Damage    Failure   Level
a - Kiss of Death         Conj/Necr      24%        2d7       14%         1
b - Call Imp              Summ           2%         N/A       34%         2

Your spell library contained the following spells:

 Spells                   Type           Power      Damage    Failure   Level
 Magic Dart               Conj           44%        1d5       8%          1
 Momentum Strike          Conj/Tloc      12%        3d8       22%         2
 Hailstorm                Conj/Ice       6%         3d4       38%         3
 Mephitic Cloud           Conj/Pois/Air  4%         N/A       45%         3


Dungeon Overview and Level Annotations

Branches:
Dungeon (2/15)

Altars:


Innate Abilities, Weirdness & Mutations

You have large cloven feet.
A meltable shield of frost defends you. (SH +4)


Message History

You hit the hobgoblin.
You kill the hobgoblin!
You miss the adder.
The adder bites you but does no damage. x2
You miss the adder. The adder bites you but does no damage.
You hit the adder.
The adder is heavily wounded.
The adder barely misses you.
You closely miss the adder.
The adder is heavily wounded.
The adder closely misses you.
You barely miss the adder.
The adder is heavily wounded.
The adder barely misses you. The adder misses you.
You closely miss the adder.
The adder is heavily wounded.
The adder bites you.
You hit the adder but do no damage.
The adder is heavily wounded.
The adder barely misses you.
You hit the adder.
The adder is almost dead.
You block the adder's attack. The adder bites you but does no damage.
You closely miss the adder.
The adder is almost dead.
The adder closely misses you.
You miss the adder.
The adder is almost dead.
The adder bites you but does no damage.
You closely miss the adder.
The adder is almost dead.
The adder barely misses you.
You hit the adder.
You kill the adder!
You have reached level 3!
Your experience leads to an increase in your attributes!
Increase (S)trength, (I)ntelligence, or (D)exterity?
You feel clever. x2; Your demonic ancestry asserts itself...
Your feet thicken and deform.
You see here a +0 ring mail.
Are you sure you want to abandon this character and quit the game? (Confirm with "yes".)

############
#......<...#
#.#...#...##.#
####+#.###.#...##.#
.......#@......##.#
.......#.#.....##.#
.......#†#.###....#
.......#.##########
.......#.........
......S..........
......###########
####+


There were no monsters in sight!

Vanquished Creatures
  An adder (D:2)
  2 ball pythons
  2 goblins (D:1)
  5 hobgoblins
  2 quokkas (D:1)
  3 bats (D:1)
  2 rats (D:1)
17 creatures vanquished.

Notes
Turn   | Place    | Note
-------+----------+-------------------------------------------
     0 | D:1      | Shayle the Demonspawn Reaver began the quest for the Orb.
     0 | D:1      | Reached XP level 1. HP: 16/16 MP: 3/3
   204 | D:1      | Gained mutation: A meltable shield of frost defends you.
                  | (SH +4) [demonic ancestry]
   204 | D:1      | Reached XP level 2. HP: 9/22 MP: 5/5
   261 | D:1      | Found a faded altar of an unknown god.
   329 | D:1      | Learned a level 2 spell: Call Imp
   895 | D:2      | Gained mutation: You have large cloven feet. [demonic
                  | ancestry]
   895 | D:2      | Reached XP level 3. HP: 22/28 MP: 6/6
   896 | D:2      | Quit the game

Illustrated notes

Levels and vault maps discovered:
D:1:      minmay_arrival_four_loops, layout_loops_ring,
          shapermc_ecumenical_altar_totnotflames
D:2:      layout_basic

Skill      XL: |  1  2 |
---------------+-------+-----
Dodging        | 2 |  2.0
Fighting       | |  2.4
Polearms       | |  2.9
Stealth        | |  0.9
Spellcasting   | |  2.0
Conjurations   | |  3.0
Hexes          | |  0.8
Summonings     | |  0.3

Action                     || total
---------------------------++-------
  Melee: Spear             ||    92
 Armour: Leather armour    ||    35
  Dodge: Dodged            ||    50
  Block: Other             ||     5

Table legend: (Time is in decaauts)
 A = Elapsed time spent in this place.
 B = Non-inter-level travel time spent in this place.
 C = Inter-level travel time spent in this place.
 D = Time resting spent in this place.
 E = Time spent auto-exploring this place.
 F = Levels seen in this place.
 G = Mean time per level.
                   A        B        C        D        E       F      G
               +--------+--------+--------+--------+--------+-----+--------+
         Total |    892 |    856 |     36 |      0 |    628 |   2 |  446.0 |
       Dungeon |    892 |    856 |     36 |      0 |    628 |   2 |  446.0 |
               +--------+--------+--------+--------+--------+-----+--------+

Top non-repeatable levels by time:
     D:1: 845 daAuts
     D:2: 47 daAuts
